 Dungeon Crawl Stone Soup version 0.17-a0-1714-g35622ae (webtiles) character file.

455 kae the Carver (level 6, 0/51 HPs)
             Began as a Minotaur Fighter on Aug 23, 2015.
             Slain by Menkaure (15 damage)
             ... on level 4 of the Dungeon.
             The game lasted 00:01:58 (2546 turns).

kae the Carver (Minotaur Fighter)                   Turns: 2546, Time: 00:01:58

Health: 0/51       AC:  6    Str: 21    XL:     6   Next: 76%
Magic:  5/5        EV:  7    Int:  7    God:
Gold:   182        SH:  9    Dex:  9    Spells: 0 memorised, 5 levels left

rFire  . . .     SeeInvis .     a - +0 long sword
rCold  . . .     Clarity  .     b - +0 scale mail
rNeg   . . .     SustAt   +     c - +0 shield
rPois  .         Gourm    +     (helmet restricted)
rElec  .         Spirit   .     (no cloak)
rCorr  .         Warding  .     (no gloves)
rMut   .         Stasis   .     (no boots)
MR     .....                    l - amulet of the gourmand
Stlth  ..........               (no ring)
                                w - ring of sustain attributes

@: not resistant to hostile enchantments, extremely unstealthy
A: retaliatory headbutt, horns 2
a: no special abilities


You were on level 4 of the Dungeon.
You were not hungry.

You visited 1 branch of the dungeon, and saw 4 of its levels.

You collected 182 gold pieces.

Inventory:

Hand weapons
 a - a +0 long sword (weapon)
Armour
 b - a +0 scale mail (worn)
 c - a +0 shield (worn)
Jewellery
 l - an amulet of the gourmand (around neck)
 w - a ring of sustain attributes (left hand)
Magical devices
 r - a wand of slowing (23)
Scrolls
 f - 4 scrolls of teleportation {unknown}
 g - 2 scrolls of identify {unknown}
 j - 7 scrolls of remove curse {unknown}
 k - a scroll of noise {unknown}
 n - 3 scrolls of fear {unknown}
 o - a scroll of immolation {unknown}
 q - a scroll of enchant weapon {unknown}
 x - a scroll of blinking {unknown}
Potions
 d - 3 potions of might
 h - a potion of mutation {unknown}
 m - 2 potions of resistance {unknown}
 p - 2 potions of flight {unknown}
 u - 2 potions of curing {unknown}
 v - a potion of ambrosia {unknown}
Comestibles
 e - 3 bread rations
 i - 8 fruits
 s - a slice of pizza
 t - a meat ration


   Skills:
 - Level 3.6 Fighting
 + Level 8.9 Long Blades
 - Level 3.6 Armour
 - Level 3.6 Shields


You had 5 spell levels left.
You didn't know any spells.

Dungeon Overview and Level Annotations

Branches:
Dungeon (4/15)
 Temple: D:4-7

Altars:
Cheibriados
Dithmenos
Elyvilon
Kikubaaqudgha

Annotations:
D:4 Menkaure


Innate Abilities, Weirdness & Mutations

You reflexively headbutt those who attack you in melee.
You have a pair of horns on your head.


Message History

Menkaure is severely damaged.
Menkaure calls on the powers of darkness!
Your body is wracked with pain!
* * * LOW HITPOINT WARNING * * *
Unknown command.
You are too injured to fight recklessly!
You are too injured to fight recklessly!
Unknown command.
You are too injured to fight recklessly!
You are too injured to fight recklessly!
Unknown command.
You are too injured to fight recklessly!
You are too injured to fight recklessly!
You barely miss Menkaure.
Menkaure is severely damaged.
Menkaure hits you but does no damage.
You hit Menkaure.
Menkaure is almost destroyed.
Menkaure hits you!
You die...

........#
###################.#
....................#
.#################÷.#
.# #..# .# #..## .# #
###...# .#
#.#.#.#.#.#.# .#
$.....M@....# ##
#.#.#.#†#.#.#
.........#
#.#.#.#.###
..........
#.#.#.#.#.##
........$.. .#.#
#.#.#


You could see Menkaure.

Vanquished Creatures
  The ghost of kae the Firebug, an average TeFE (D:4)
  A phantom (D:4)
  2 hounds (D:4)
  An iguana (D:4)
  A worker ant (D:3)
  7 gnolls
  3 adders
  A worm (D:2)
  An orc (D:3)
  2 ball pythons (D:1)
  11 goblins
  7 hobgoblins
  6 kobolds
  8 bats
  2 giant cockroaches
  4 giant geckos
  A giant gecko skeleton (D:3)
  2 giant newts
  4 quokkas
  13 rats
78 creatures vanquished.

Notes
Turn   | Place    | Note
--------------------------------------------------------------
     0 | D:1      | kae the Minotaur Fighter began the quest for the Orb.
     0 | D:1      | Reached XP level 1. HP: 19/19 MP: 0/0
   143 | D:1      | Reached XP level 2. HP: 24/26 MP: 1/1
   420 | D:1      | Reached skill level 4 in Long Blades
   720 | D:2      | Reached XP level 3. HP: 31/31 MP: 2/2
   794 | D:2      | Found a shadowy altar of Dithmenos.
   968 | D:2      | Found an ancient bone altar of Kikubaaqudgha.
  1342 | D:3      | Reached skill level 5 in Long Blades
  1342 | D:3      | Reached XP level 4. HP: 32/39 MP: 3/3
  1519 | D:3      | Found a snail-covered altar of Cheibriados.
  1550 | D:3      | Reached skill level 6 in Long Blades
  1947 | D:4      | Found a white marble altar of Elyvilon.
  1947 | D:4      | Noticed a phantom
  1962 | D:4      | Killed a phantom
  1962 | D:4      | Reached skill level 7 in Long Blades
  1962 | D:4      | Reached XP level 5. HP: 38/45 MP: 4/4
  2003 | D:4      | Noticed kae's ghost (average TeFE)
  2217 | D:4      | Killed kae's ghost
  2217 | D:4      | Reached skill level 8 in Long Blades
  2217 | D:4      | Reached XP level 6. HP: 40/51 MP: 5/5
  2525 | D:4      | Noticed Menkaure
  2546 | D:4      | Slain by Menkaure

Vault maps used:
D:1:      minmay_arrival_wavy_path, serial_bayou, serial_bayou_crossing,
          serial_bayou_lake_a, serial_bayou_pond_e, serial_bayou_pond_c,
          kennysheep_crisscross
D:2:      lemuel_round_altar, overflow_temple_1_default, first_bread,
          hangedman_glass_teeth
D:3:      cheibriados_altar_wand_db
D:4:      elyvilon_altar_5, st_stairs_11, uniq_menkaure

Action                   |  1- 3 |  4- 6 || total
-------------------------+-------+-------++-------
Melee: Long sword        |    95 |   124 ||   219
  Use: Potion            |       |     1 ||     1
  Eat: Chunk             |       |     6 ||     6
